APP
OAKLAND (APP) ATHLETICS @ PRINCETON RAYS
09/16/2045
 
TOP OF THE 1ST
Oakland (APP) Athletics batting - Pitching for Princeton Rays : RHP Julio Trejo
Pitching: RHP Julio Trejo
Batting: RHB Matt Sherard 0-0: Called Strike
0-1: Foul Ball, location: 2F
0-2: Foul Ball, location: 2F
0-2: Ball
1-2: Ball
2-2: Strikes out looking
Batting: RHB Brian Callaghan 0-0: Foul Ball, location: 2F
0-1: Ball
1-1: Called Strike
1-2: Strikes out looking
Batting: RHB Scott Wiggs 0-0: Ball
1-0: Foul Ball, location: 2F
1-1: Swinging Strike
1-2: Foul Ball, location: 2F
1-2: Ball
2-2: Foul Ball, location: 2F
2-2: Foul Ball, location: 2F
2-2: Ball
3-2: Base on Balls
Batting: LHB Tom Raupp 0-0: Foul Ball, location: 2F
0-1: Called Strike
0-2: Ball
1-2: Ball
2-2: Ground out 4-3 (Groundball, 4M, EV 90.0 MPH)
Top of the 1st over - 0 runs, 0 hits, 0 errors, 1 left on base; Oakland (APP) 0 - Princeton 0
BOTTOM OF THE 1ST
Princeton Rays batting - Pitching for Oakland (APP) Athletics : RHP Dan Johnson
Pitching: RHP Dan Johnson
Batting: LHB Darryl Gonnella 0-0: Ball
1-0: Ground out 5-3 (Groundball, 5S, EV 86.2 MPH)
Batting: LHB Harris Vink 0-0: Ball
1-0: Called Strike
1-1: Swinging Strike
1-2: Ball
2-2: Foul Ball, location: 2F
2-2: Strikes out swinging
Batting: RHB Sesto Carpini 0-0: Ball
1-0: SOLO HOME RUN (Flyball, 7D, EV 108.1 MPH), Distance : 403 ft
Batting: RHB Wil Urban 0-0: Called Strike
0-1: Foul Ball, location: 2F
0-2: Ground out 5-3 (Groundball, 56S, EV 86.9 MPH)
Bottom of the 1st over - 1 run, 1 hit, 0 errors, 0 left on base; Oakland (APP) 0 - Princeton 1
TOP OF THE 2ND
Oakland (APP) Athletics batting - Pitching for Princeton Rays : RHP Julio Trejo
Batting: RHB Matt Black 0-0: Foul Ball, location: 2F
0-1: Ball
1-1: Ball
2-1: Swinging Strike
2-2: Foul Ball, location: 2F
2-2: Strikes out swinging
Batting: LHB Gregg Power 0-0: SOLO HOME RUN (Flyball, 9D, EV 100.6 MPH), Distance : 381 ft
Batting: LHB Miguel Torres 0-0: Called Strike
0-1: Fly out, F6 (Flyball, 5D, EV 90.0 MPH)
Batting: RHB Zack DiCicco 0-0: Called Strike
0-1: Ball
1-1: Foul Ball, location: 2F
1-2: Strikes out swinging
Top of the 2nd over - 1 run, 1 hit, 0 errors, 0 left on base; Oakland (APP) 1 - Princeton 1
BOTTOM OF THE 2ND
Princeton Rays batting - Pitching for Oakland (APP) Athletics : RHP Dan Johnson
Batting: RHB Jose Arriola 0-0: Called Strike
0-1: Ball
1-1: Ball
2-1: Ground out 5-3 (Groundball, 56, EV 91.2 MPH)
Batting: SHB Joshua Jackson 0-0: Called Strike
0-1: Called Strike
0-2: Ball
1-2: Single, Error in OF, E9, batter to second base (Groundball, 34D, EV 105.6 MPH)
Batting: RHB Roberto Aispuro 0-0: Called Strike
0-1: Ball
1-1: Called Strike
1-2: Ball
2-2: Strikes out looking
Batting: RHB Khalil Walker 0-0: Foul Ball, location: 2F
0-1: Ball
1-1: Ball
2-1: Foul Ball, location: 2F
2-2: Ball
3-2: Strikes out looking
Bottom of the 2nd over - 0 runs, 1 hit, 1 error, 1 left on base; Oakland (APP) 1 - Princeton 1
TOP OF THE 3RD
Oakland (APP) Athletics batting - Pitching for Princeton Rays : RHP Julio Trejo
Batting: LHB Al Soltero 0-0: Ball
1-0: Ball
2-0: Ball
3-0: Called Strike
3-1: Called Strike
3-2: Fly out, F9 (Flyball, 9, EV 96.2 MPH)
Batting: RHB Matt Sherard 0-0: Ball
1-0: Swinging Strike
1-1: Foul Ball, location: 2F
1-2: Foul Ball, location: 2F
1-2: Foul Ball, location: 2F
1-2: Strikes out swinging
Batting: RHB Brian Callaghan 0-0: Foul Ball, location: 2F
0-1: Fly out, F9 (Flyball, 9, EV 95.6 MPH)
Top of the 3rd over - 0 runs, 0 hits, 0 errors, 0 left on base; Oakland (APP) 1 - Princeton 1
BOTTOM OF THE 3RD
Princeton Rays batting - Pitching for Oakland (APP) Athletics : RHP Dan Johnson
Batting: RHB Bazyli Andrysiak 0-0: Ball
1-0: Fly out, F8 (Flyball, 8RXD, EV 101.2 MPH)
Batting: LHB Darryl Gonnella 0-0: Called Strike
0-1: Called Strike
0-2: Ground out 1-3 (Groundball, 13S, EV 75.0 MPH)
Batting: LHB Harris Vink 0-0: TRIPLE (Flyball, 8LXD, EV 95.6 MPH)
Batting: RHB Sesto Carpini 0-0: Foul Ball, location: 2F
0-1: Swinging Strike
Passed Ball!
Harris Vink scores
0-2: Foul Ball, location: 2F
0-2: Fly out, F6 (Flyball, 56D, EV 89.4 MPH)
Bottom of the 3rd over - 1 run, 1 hit, 0 errors, 0 left on base; Oakland (APP) 1 - Princeton 2
TOP OF THE 4TH
Oakland (APP) Athletics batting - Pitching for Princeton Rays : RHP Julio Trejo
Batting: RHB Scott Wiggs 0-0: Ball
1-0: Fly out, F8 (Flyball, 8LS, EV 78.8 MPH)
Batting: LHB Tom Raupp 0-0: Ball
1-0: SOLO HOME RUN (Flyball, 89XD, EV 106.2 MPH), Distance : 410 ft
Batting: RHB Matt Black 0-0: Called Strike
0-1: Called Strike
0-2: Ball
1-2: Strikes out swinging
Batting: LHB Gregg Power 0-0: Ball
1-0: Called Strike
1-1: Swinging Strike
1-2: Strikes out swinging
Top of the 4th over - 1 run, 1 hit, 0 errors, 0 left on base; Oakland (APP) 2 - Princeton 2
BOTTOM OF THE 4TH
Princeton Rays batting - Pitching for Oakland (APP) Athletics : RHP Dan Johnson
Batting: RHB Wil Urban 0-0: Foul Ball, location: 2F
0-1: Ball
1-1: Ball
2-1: Foul Ball, location: 2F
2-2: Foul Ball, location: 2F
2-2: Ball
3-2: Foul Ball, location: 2F
3-2: Foul Ball, location: 2F
3-2: Foul Ball, location: 2F
3-2: Strikes out looking
Batting: RHB Jose Arriola 0-0: DOUBLE (Flyball, 9LD, EV 115.6 MPH)
Batting: SHB Joshua Jackson 0-0: Ball
1-0: Fly out, F7 (Line Drive, 7D, EV 85.0 MPH)
Runner from 2nd tags up, SAFE at 3rd, no throw by LF
Batting: RHB Roberto Aispuro 0-0: Ball
1-0: Ground out 6-3 (Groundball, 6, EV 83.8 MPH)
Bottom of the 4th over - 0 runs, 1 hit, 0 errors, 1 left on base; Oakland (APP) 2 - Princeton 2
TOP OF THE 5TH
Oakland (APP) Athletics batting - Pitching for Princeton Rays : RHP Julio Trejo
Batting: LHB Miguel Torres 0-0: Foul Ball, location: 2F
0-1: Called Strike
0-2: Ball
1-2: Foul Ball, location: 2F
1-2: Ball
2-2: Ground out 4-3 (Groundball, 4, EV 104.4 MPH)
Batting: RHB Zack DiCicco 0-0: Ball
1-0: Ball
2-0: Called Strike
2-1: Called Strike
2-2: Ball
3-2: Base on Balls
Batting: LHB Al Soltero 0-0: Called Strike
0-1: Ball
1-1: Ball
Zack DiCicco is caught stealing 2nd base 2-6
2-1: Foul Ball, location: 2F
2-2: Fly out, F4 (Flyball, 34D, EV 82.5 MPH)
Top of the 5th over - 0 runs, 0 hits, 0 errors, 0 left on base; Oakland (APP) 2 - Princeton 2
BOTTOM OF THE 5TH
Princeton Rays batting - Pitching for Oakland (APP) Athletics : RHP Dan Johnson
Batting: RHB Khalil Walker 0-0: Swinging Strike
0-1: Ground out 6-3 (Groundball, 6, EV 99.4 MPH)
Batting: RHB Bazyli Andrysiak 0-0: Called Strike
0-1: DOUBLE (Groundball, 3L, EV 108.8 MPH)
Batting: LHB Darryl Gonnella 0-0: Called Strike
0-1: Ball
1-1: Ball
2-1: Swinging Strike
Passed Ball!
Bazyli Andrysiak to third
2-2: Ball
3-2: Strikes out swinging
Batting: LHB Harris Vink 0-0: Ball
Wild Pitch!
Bazyli Andrysiak scores
1-0: Ball
2-0: Foul Ball, location: 2F
2-1: Foul Ball, location: 2F
2-2: Ball
3-2: Foul Ball, location: 2F
3-2: Base on Balls
Batting: RHB Sesto Carpini 0-0: Ball
1-0: Swinging Strike
Harris Vink is caught stealing 2nd base 2-4
Bottom of the 5th over - 1 run, 1 hit, 0 errors, 0 left on base; Oakland (APP) 2 - Princeton 3
TOP OF THE 6TH
Oakland (APP) Athletics batting - Pitching for Princeton Rays : RHP Julio Trejo
Batting: RHB Matt Sherard 0-0: Ball
1-0: Ball
2-0: Called Strike
2-1: Swinging Strike
2-2: Ball
3-2: Strikes out swinging
Batting: RHB Brian Callaghan 0-0: Ball
1-0: Called Strike
1-1: SINGLE (Groundball, 56D, EV 101.9 MPH)
Batting: RHB Scott Wiggs 0-0: Called Strike
Brian Callaghan steals 2nd base
0-1: Ball
1-1: SINGLE (Line Drive, 9S, EV 105.0 MPH)
Brian Callaghan to third
Runner from 3rd tries for Home, throw by RF and OUT! 9-2
Batting: LHB Tom Raupp 0-0: Ball
Scott Wiggs steals 2nd base
1-0: Ball
2-0: Foul Ball, location: 2F
2-1: 2-RUN HOME RUN (Flyball, 9LD, EV 91.2 MPH), Distance : 352 ft
Batting: RHB Matt Black 0-0: Foul Ball, location: 2F
0-1: Ball
1-1: Swinging Strike
1-2: SOLO HOME RUN (Flyball, 9LD, EV 95.0 MPH), Distance : 364 ft
Pitching: RHP Takenori Iwata
Batting: LHB Gregg Power 0-0: Foul Ball, location: 2F
0-1: Ball
1-1: Ball
2-1: Foul Ball, location: 2F
2-2: Strikes out looking
Top of the 6th over - 3 runs, 4 hits, 0 errors, 0 left on base; Oakland (APP) 5 - Princeton 3
BOTTOM OF THE 6TH
Princeton Rays batting - Pitching for Oakland (APP) Athletics : RHP Dan Johnson
Batting: RHB Sesto Carpini 0-0: Called Strike
0-1: Foul Ball, location: 2F
0-2: Foul Ball, location: 2F
0-2: Ball
1-2: Ball
2-2: Foul Ball, location: 2F
2-2: Foul Ball, location: 2F
2-2: Strikes out looking
Batting: RHB Wil Urban 0-0: Foul Ball, location: 2F
0-1: Ball
1-1: Ball
2-1: Called Strike
2-2: Ball
3-2: Base on Balls
Batting: RHB Jose Arriola 0-0: Swinging Strike
0-1: Swinging Strike
0-2: Foul Ball, location: 2F
0-2: Foul Ball, location: 2F
0-2: Ball
1-2: Ball
2-2: SINGLE (Groundball, 56D, EV 95.6 MPH)
Wil Urban to second
Pinch Runner at 2nd Berthold Frey:
Batting: SHB Joshua Jackson 0-0: Foul Ball, location: 2F
0-1: Swinging Strike
0-2: Strikes out looking
Pinch Hitting: LHB Rocky Crowley 0-0: Ground out 4-3 (Groundball, 4, EV 85.6 MPH)
Bottom of the 6th over - 0 runs, 1 hit, 0 errors, 2 left on base; Oakland (APP) 5 - Princeton 3
TOP OF THE 7TH
Oakland (APP) Athletics batting - Pitching for Princeton Rays : RHP Takenori Iwata
Now in LF: Rocky Crowley
Now in CF: Darryl Gonnella
Now in RF: Harris Vink
Batting: LHB Miguel Torres 0-0: Ball
1-0: Ground out 4-3 (Groundball, 4, EV 110.0 MPH)
Batting: RHB Zack DiCicco 0-0: Ball
1-0: Ball
2-0: Foul Ball, location: 2F
2-1: DOUBLE (Flyball, 89D, EV 103.8 MPH)
Batting: LHB Al Soltero 0-0: Ball
1-0: Ball
2-0: Ball
3-0: Base on Balls
Batting: RHB Matt Sherard 0-0: Ball
1-0: Fly out, F4 (Popup, 4M, EV 50.6 MPH)
Batting: RHB Brian Callaghan 0-0: Ball
1-0: Foul Ball, location: 2F
1-1: Foul Ball, location: 2F
1-2: Foul Ball, location: 2F
1-2: Fielders Choice at 2nd, 6-4 (Groundball, 6, EV 83.1 MPH)
Top of the 7th over - 0 runs, 1 hit, 0 errors, 2 left on base; Oakland (APP) 5 - Princeton 3
BOTTOM OF THE 7TH
Princeton Rays batting - Pitching for Oakland (APP) Athletics : RHP Dan Johnson
Pitching: RHP Gabe Gutierrez
Batting: RHB Khalil Walker 0-0: Ball
1-0: Called Strike
1-1: Ball
2-1: Ball
3-1: Ground out 6-3 (Groundball, 6, EV 104.4 MPH)
Batting: RHB Bazyli Andrysiak 0-0: Swinging Strike
0-1: Foul Ball, location: 2F
0-2: Ball
1-2: Ball
2-2: Ball
3-2: Ground out 4-3 (Groundball, 34, EV 105.0 MPH)
Batting: LHB Darryl Gonnella 0-0: Ball
1-0: Called Strike
1-1: Fly out, F7 (Flyball, 7LS, EV 92.5 MPH)
Bottom of the 7th over - 0 runs, 0 hits, 0 errors, 0 left on base; Oakland (APP) 5 - Princeton 3
TOP OF THE 8TH
Oakland (APP) Athletics batting - Pitching for Princeton Rays : RHP Takenori Iwata
Batting: RHB Scott Wiggs 0-0: Called Strike
0-1: Foul Ball, location: 2F
0-2: Strikes out swinging
Batting: LHB Tom Raupp 0-0: Ball
1-0: Ball
2-0: Ball
3-0: Called Strike
3-1: Hit by Pitch
Pinch Runner at 1st Robert Santiago:
Batting: RHB Matt Black 0-0: Ball
1-0: Called Strike
1-1: Ball
2-1: Swinging Strike
2-2: Strikes out swinging
Batting: LHB Gregg Power 0-0: Ball
1-0: Ball
2-0: Called Strike
2-1: Called Strike
Robert Santiago is caught stealing 2nd base 2-6
Top of the 8th over - 0 runs, 0 hits, 0 errors, 0 left on base; Oakland (APP) 5 - Princeton 3
BOTTOM OF THE 8TH
Princeton Rays batting - Pitching for Oakland (APP) Athletics : RHP Gabe Gutierrez
Now at 1B: Cy Ostrowski
Batting: LHB Harris Vink 0-0: Ball
1-0: DOUBLE (Line Drive, 3D, EV 98.1 MPH)
Batting: RHB Sesto Carpini 0-0: Ball
1-0: Swinging Strike
1-1: Ball
2-1: SINGLE (Line Drive, 89S, EV 101.9 MPH)
Harris Vink to third
Runner from 3rd tries for Home, SAFE, throw by RF to home
Sesto Carpini to second
Batting: SHB Berthold Frey 0-0: Ball
1-0: Foul Ball, location: 2F
1-1: Ground out 6-3 (Groundball, 4M, EV 103.1 MPH)
Sesto Carpini to third
Batting: RHB Jose Arriola 0-0: Foul Ball, location: 2F
0-1: Ground out 2-3 (Groundball, 2R, EV 65.6 MPH)
Batting: SHB Joshua Jackson 0-0: Ball
1-0: Fly out, F9 (Line Drive, 9, EV 98.1 MPH)
Bottom of the 8th over - 1 run, 2 hits, 0 errors, 1 left on base; Oakland (APP) 5 - Princeton 4
TOP OF THE 9TH
Oakland (APP) Athletics batting - Pitching for Princeton Rays : RHP Takenori Iwata
Pitching: RHP Cody Wilharm
Batting: LHB Gregg Power 0-0: Fly out, F8 (Flyball, 8LM, EV 96.9 MPH)
Batting: LHB Miguel Torres 0-0: Called Strike
0-1: Ball
1-1: Foul Ball, location: 2F
1-2: SOLO HOME RUN (Flyball, 89XD, EV 100.0 MPH), Distance : 420 ft
Batting: RHB Zack DiCicco 0-0: Ground out 3-1 (Groundball, 34, EV 82.5 MPH)
Batting: LHB Al Soltero 0-0: Called Strike
0-1: Called Strike
0-2: Strikes out swinging
Top of the 9th over - 1 run, 1 hit, 0 errors, 0 left on base; Oakland (APP) 6 - Princeton 4
BOTTOM OF THE 9TH
Princeton Rays batting - Pitching for Oakland (APP) Athletics : RHP Gabe Gutierrez
Pitching: RHP Mike Danielson
Now in RF: Mike Adams
Batting: LHB Rocky Crowley 0-0: Ball
1-0: Foul Ball, location: 2F
1-1: Swinging Strike
1-2: Foul Ball, location: 2F
1-2: Ball
2-2: Fly out, F9 (Flyball, 9S, EV 85.6 MPH)
Batting: RHB Khalil Walker 0-0: Ball
1-0: Called Strike
1-1: SINGLE (Line Drive, 6D, EV 95.6 MPH)
Batting: RHB Bazyli Andrysiak 0-0: SINGLE (Groundball, 56D, EV 97.5 MPH)
Khalil Walker to second
Batting: LHB Darryl Gonnella 0-0: Called Strike
0-1: Ball
1-1: Ball
2-1: Hit by Pitch
Khalil Walker to third
Bazyli Andrysiak to second
Batting: LHB Harris Vink 0-0: Called Strike
0-1: DOUBLE (Flyball, 78D, EV 104.4 MPH)
Khalil Walker scores
Bazyli Andrysiak scores
Darryl Gonnella to third
Runner from 3rd tries for Home, throw by LF and OUT! 7-6-2
Harris Vink to third
Batting: RHB Sesto Carpini 0-0: Hit by Pitch
Batting: SHB Berthold Frey 0-0: Ball
1-0: Foul Ball, location: 2F
1-1: Swinging Strike
1-2: Foul Ball, location: 2F
1-2: Fly out, F8 (Flyball, 8LD, EV 86.9 MPH)
Bottom of the 9th over - 2 runs, 3 hits, 0 errors, 2 left on base; Oakland (APP) 6 - Princeton 6
TOP OF THE 10TH
Oakland (APP) Athletics batting - Pitching for Princeton Rays : RHP Cody Wilharm
Batting: RHB Matt Sherard 0-0: Called Strike
0-1: Called Strike
0-2: SOLO HOME RUN (Flyball, 7LD, EV 95.0 MPH), Distance : 345 ft
Batting: RHB Brian Callaghan 0-0: Ball
1-0: Called Strike
1-1: Foul Ball, location: 2F
1-2: Foul Ball, location: 2F
1-2: Strikes out swinging
Batting: RHB Scott Wiggs 0-0: Ball
1-0: Fly out, F5 (Popup, 25F, EV 75.6 MPH)
Batting: LHB Cy Ostrowski 0-0: Ball
1-0: Ball
2-0: Called Strike
2-1: Foul Ball, location: 2F
2-2: Foul Ball, location: 2F
2-2: Foul Ball, location: 2F
2-2: Ball
3-2: Base on Balls
Batting: RHB Matt Black 0-0: Ball
1-0: Ball
2-0: Ball
3-0: Called Strike
3-1: Base on Balls
Cy Ostrowski to second
Batting: LHB Gregg Power 0-0: Ball
1-0: Foul Ball, location: 2F
1-1: Ball
2-1: Ball
3-1: Foul Ball, location: 2F
3-2: SINGLE (Line Drive, 9S, EV 97.5 MPH)
Cy Ostrowski to third
Matt Black to second
Cy Ostrowski scores
Matt Black to third
Batting: LHB Miguel Torres 0-0: Ball
1-0: Foul Ball, location: 2F
1-1: Called Strike
1-2: Foul Ball, location: 2F
1-2: Ball
Wild Pitch!
Matt Black scores
Gregg Power to second
2-2: Ball
3-2: Strikes out swinging
Top of the 10th over - 3 runs, 2 hits, 0 errors, 1 left on base; Oakland (APP) 9 - Princeton 6
BOTTOM OF THE 10TH
Princeton Rays batting - Pitching for Oakland (APP) Athletics : RHP Mike Danielson
Pitching: RHP Jaylen Walker
Batting: RHB Jose Arriola 0-0: Ball
1-0: Ball
2-0: Foul Ball, location: 2F
2-1: Fly out, F7 (Line Drive, 7, EV 105.0 MPH)
Batting: SHB Joshua Jackson 0-0: Ball
1-0: Fly out, F9 (Flyball, 9D, EV 98.1 MPH)
Batting: LHB Rocky Crowley 0-0: Ball
1-0: Called Strike
1-1: SINGLE (Line Drive, 6MD, EV 98.8 MPH)
Batting: RHB Khalil Walker 0-0: Called Strike
0-1: Ball
1-1: Called Strike
1-2: Foul Ball, location: 2F
1-2: Ball
2-2: Ball
3-2: Foul Ball, location: 2F
3-2: Ground out U3 (Groundball, 34, EV 105.0 MPH)
Bottom of the 10th over - 0 runs, 1 hit, 0 errors, 1 left on base; Oakland (APP) 9 - Princeton 6
Wednesday, June 22nd , 2022 - OOTP Baseball 23.4 Build 64